 Dungeon Crawl Stone Soup version 0.29.1-2-gbd0b4ee654 (webtiles) character file.

Game seed: 16591648396700430231

46 raistware the Conjurer (level 3, 0/21 HPs)
             Began as an Octopode Conjurer on Oct 25, 2022.
             Shot with an arrow by a goblin (2 damage)
             ... on level 2 of the Dungeon.
             The game lasted 00:03:13 (1358 turns).

raistware the Conjurer (Octopode Conjurer)          Turns: 1358, Time: 00:03:13

Health: 0/21       AC:  1    Str:  6    XL:     3   Next: 68%
Magic:  8/8        EV: 13    Int: 22    God:
Gold:   40         SH:  0    Dex: 10    Spells: 8/9 levels left

rFire   . . .      SeeInvis .   c - +3 dagger
rCold   . . .      Faith    .   (no shield)
rNeg    . . .      Spirit   .   (helmet restricted)
rPois   .          Reflect  .   (no amulet)
rElec   .          Harm     .   (no ring)
rCorr   .          Rampage  .   (no ring)
Will    .....                   (no ring)
Stlth   +++.......              (no ring)
HPRegen 0.07/turn               (no ring)
MPRegen 0.11/turn               (no ring)
                                (no ring)
                                (no ring)

@: no status effects
A: almost no armour, amphibious, 8 rings, camouflage 1, gelatinous body 1,
(nimble swimmer 1), tentacles
a: no special abilities


You were on level 2 of the Dungeon.
You visited 1 branch of the dungeon, and saw 2 of its levels.

You collected 94 gold pieces.
You spent 54 gold pieces at shops.

Inventory:

Hand Weapons
 c - a +3 dagger (weapon)
Magical Staves
 g - a staff of earth
Scrolls
 b - a scroll of acquirement {unknown}
 d - a scroll of butterflies {unknown}
 f - a scroll of silence {unknown}
 k - a scroll of blinking {unknown}
Potions
 a - a potion of magic
 e - a potion of brilliance {unknown}
 h - a potion of haste {unknown}
 i - a potion of mutation {unknown}
 j - a potion of ambrosia {unknown}


   Skills:
 - Level 2.0 Dodging
 - Level 3.0 Stealth
 * Level 3.6 Spellcasting
 - Level 4.0 Conjurations


You had 8 spell levels left.
You knew the following spells:

 Your Spells              Type           Power      Damage    Failure   Level
a - Magic Dart            Conj           84%        1d7       2%          1

Your spell library contained the following spells:

 Spells                   Type           Power      Damage    Failure   Level
 Searing Ray              Conj           42%        2d6       3%          2
 Dazzling Flash           Conj/Hex       24%        N/A       16%         3
 Fulminant Prism          Conj/Hex       6%         3d7       45%         4
 Iskenderun's Mystic Bla  Conj/Tloc      12%        2d5       45%         4


Dungeon Overview and Level Annotations

Branches:
Dungeon (2/15)

Altars:

Shops:
D:1 *


Innate Abilities, Weirdness & Mutations

You cannot wear most types of armour.
You are amphibious.
You can wear up to eight rings at the same time.
Your skin changes colour to match your surroundings (Stealth+).
Your rubbery body absorbs attacks. (AC +1, EV +1)
((You are camouflaged when in or above water. (Stealth+)))
You have tentacles for arms and can constrict up to eight enemies at once.


Message History

The goblin is moderately wounded.
The magic dart hits the goblin.
The goblin is heavily wounded.
A goblin is nearby!
The magic dart hits the goblin.
You kill the goblin!
A phantom is nearby!
Found 10 gold pieces.
You now have 40 gold pieces (gained 10).
You start resting.
A goblin comes into view.
It is wielding the +7 shortbow "Pukax" {freeze, +Blink rF+ rC- rCorr}.
You start resting.
Magic restored.
A ball python comes into view.
Found a fuming pink potion.
The goblin shouts!
The ball python hisses angrily.
The goblin unwields the +7 shortbow "Pukax" {freeze, +Blink rF+ rC- rCorr}.
The goblin wields a +0 club.
The goblin misses you.
A rat comes into view.
A ball python comes into view.
You closely miss the goblin.
The ball python hisses angrily.
You grab the goblin. You constrict the goblin.
The goblin hits you with a +0 club.
You release your grip on the goblin.
The ball python misses you. The ball python grabs you.
The ball python constricts you.
You hit the ball python. You grab the ball python.
The ball python is severely wounded.
You constrict the ball python.
You kill the ball python!
You hit the rat.
You kill the rat!
You hit the ball python.
You kill the ball python!
The goblin unwields a +0 club.
The goblin wields the +7 shortbow "Pukax" {freeze, +Blink rF+ rC- rCorr}.
It is covered in frost.
The goblin shoots an arrow.
The arrow hits you! The arrow freezes you.
You swing at nothing.
The goblin shoots an arrow.
The arrow hits you!
* * * LOW HITPOINT WARNING * * *
The arrow freezes you.
You die...

###..# ..#..#
#######.#..# #.
..........#
#.####........#
.........g...#
#...........##.#
#..# ##†......#
#.#.###@#..#####
..##...##.S...
#..#...# ...###
#.##...# ....!
#)#.###.#...###
#..##.##..#.#
#...........#
#.########## #.#


You could see a goblin.

Vanquished Creatures
  An adder (D:2)
  A dart slug (D:2)
  6 ball pythons
  2 endoplasms (D:1)
  A giant cockroach (D:1)
  4 goblins
  A hobgoblin (D:1)
  2 jackals (D:1)
  4 kobolds (D:1)
  2 quokkas (D:1)
  4 bats (D:1)
  3 rats
31 creatures vanquished.

Notes
Turn   | Place    | Note
-------+----------+-------------------------------------------
     0 | D:1      | raistware the Octopode Conjurer began the quest for the
                  | Orb.
     0 | D:1      | Reached XP level 1. HP: 11/11 MP: 3/3
    66 | D:1      | Found Yteic's Assorted Antiques.
   211 | D:1      | Reached XP level 2. HP: 17/17 MP: 5/5
   504 | D:1      | Found a faded altar of an unknown god.
   615 | D:1      | Reached XP level 3. HP: 11/21 MP: 3/7
  1084 | D:1      | Bought a green potion for 27 gold pieces
  1084 | D:1      | Bought an orange potion for 27 gold pieces
  1096 | D:2      | Noticed a phantom
  1347 | D:2      | Identified the +7 shortbow "Pukax" {freeze, +Blink rF+ rC-
                  | rCorr}
  1358 | D:2      | Shot with an arrow by a goblin

Illustrated notes

Levels and vault maps discovered:
D:1:      minmay_arrival_cross, layout_loops_ring, serial_shops,
          nicolae_shop_behind_doors, dilly_ecumenical_altar_fadedgnrine
D:2:      layout_basic, minmay_heptomino_d4

Skill      XL: |  1  2 |
---------------+-------+-----
Spellcasting   | 3 |  3.6
Stealth        | 3 |  3.0
Dodging        | |  2.0
Conjurations   | |  4.0

Action                   || total
-------------------------++-------
Melee: Unarmed           ||     3
       Tentacles         ||     4
       Dagger            ||    21
       Constrict         ||     7
 Cast: Magic Dart        ||    37
 Stab: Sleeping          ||     5
Armor: Skin              ||     2
Dodge: Dodged            ||    15
